 Dungeon Crawl Stone Soup version 0.23-a0-490-ge7ea69a (webtiles) character file.

27349 zishaf the Fighter (level 13, -9/74 HPs)
             Began as a Vine Stalker Assassin on Dec 3, 2018.
             Was a Follower of Uskayaw.
             Killed from afar by an ice dragon (27 damage)
             ... with a blast of cold
             ... in an ice cave.
             The game lasted 00:51:34 (14085 turns).

zishaf the Fighter (Vine Stalker Assassin)         Turns: 14085, Time: 00:51:35

Health: -9/74      AC: 12    Str: 18    XL:     13   Next: 31%
Magic:  0/19       EV: 16    Int: 11    God:    Uskayaw [*.....]
Gold:   1457       SH:  0    Dex: 17    Spells: 12/12 levels left

rFire    + . .     SeeInvis .   a - +7 Screaming Sword {slice, sonic wave}
rCold    . . .     Gourm    .   (no shield)
rNeg     . . .     Faith    .   w - +1 scale mail {rF+}
rPois    +         Spirit   +   H - +0 helmet
rElec    .         Reflect  .   G - +0 cloak
rCorr    .         Harm     .   Y - +0 pair of gloves
MR       +....                  (no boots)
Stlth    +++.......             (no amulet)
HPRegen  1.02/turn              v - ring of poison resistance
MPRegen  0.16/turn              M - +2 ring of evasion

@: no status effects
A: fangs 3, regeneration 2, magic shield, antimagic bite, no potion heal 3, rot
immunity
a: Stomp, Renounce Religion


You were in an ice cave.
You worshipped Uskayaw.
Uskayaw was noncommittal.
You were not hungry.

You visited 2 branches of the dungeon, and saw 14 of its levels.
You also visited: Ossuary, Ice Cave and Volcano.

You collected 1457 gold pieces.

Inventory:

Hand Weapons
 a - the +7 Screaming Sword (weapon) {slice, sonic wave}
   (You found it on level 8 of the Dungeon)

   It inflicts extra damage upon your enemies.
 b - a +0 arbalest
 y - a +4 dagger
 T - a +1 blowgun
Missiles
 e - 91 poisoned needles
 f - 19 curare-tipped needles
 I - 3 throwing nets (quivered)
 N - 3 needles of sleeping
 V - 80 bolts
Armour
 w - a +1 scale mail of fire resistance (worn)
 G - a +0 cloak (worn)
 H - a +0 helmet (worn)
 Y - a +0 pair of gloves (worn)
Jewellery
 v - a ring of poison resistance (left hand)
 M - a +2 ring of evasion (right hand)
Wands
 d - a wand of digging (6)
 k - a wand of paralysis (2)
 m - a wand of enslavement (18)
 J - a wand of polymorph (5)
 K - a wand of iceblast (15)
 L - a wand of acid (13)
 U - a wand of scattershot (7)
 W - a wand of flame (10)
Scrolls
 n - 3 scrolls of blinking
 p - 2 scrolls of enchant weapon
 r - 8 scrolls of teleportation
 t - 5 scrolls of remove curse
 u - a scroll of fear
 x - 5 scrolls of amnesia
 z - 2 scrolls of fog
 B - 5 scrolls of enchant armour
 R - a scroll of summoning
 S - a scroll of immolation
Potions
 c - 6 potions of curing
 h - 2 potions of agility {unknown}
 i - 2 potions of magic {unknown}
 l - 7 potions of might
 o - 7 potions of heal wounds {unknown}
 q - a potion of invisibility {unknown}
 s - 6 potions of brilliance
 A - 2 potions of lignification
 C - a potion of mutation {unknown}
 D - a potion of ambrosia {unknown}
 E - 4 potions of flight {unknown}
 F - a potion of resistance
 O - a potion of cancellation {unknown}
 P - 3 potions of berserk rage
Miscellaneous
 j - a fan of gales
Comestibles
 g - 22 rations


   Skills:
 + Level 11.1 Fighting
 - Level 7.7(8.0) Short Blades
 - Level 2.7(5.6) Long Blades
 + Level 5.5 Crossbows
 - Level 5.0 Throwing
 - Level 6.3 Armour
 + Level 6.6 Dodging
 - Level 9.1 Stealth
 * Level 7.1 Invocations
 - Level 3.0 Evocations


You had 12 spell levels left.
You didn't know any spells.
Your spell library was empty.

Dungeon Overview and Level Annotations

Branches:
Dungeon (11/15)            Temple (0/1) D:7            Lair (3/6) D:9
  Swamp (0/4) Lair:2        Snake (0/4) Lair:3          Orc (0/2) D:11

Altars:
Cheibriados
Fedhas
Hepliaklqana
Kikubaaqudgha
Okawaru
Sif Muna
Uskayaw
Vehumet

Annotations:
Lair:2 exclusion: 3 oklob plants


Innate Abilities, Weirdness & Mutations

You have razor-sharp teeth.
You heal very quickly.
When hurt, damage is shared between your health and your magic reserves.
Your bite disrupts and absorbs the magic of your enemies.
Potions cannot restore your health.
You are immune to rotting.


Message History

The ice dragon misses you. The ice dragon claws you.
* * * LOW HITPOINT WARNING * * *
The ice dragon tramples you!
* * * LOW HITPOINT WARNING * * *
You hold your ground!
The ice dragon breathes frost at you. The blast of cold hits you!
* * * LOW HITPOINT WARNING * * *
The ice dragon is no longer sharing its pain.
The ice dragon breathes frost at you. The blast of cold misses you.
The ice dragon breathes frost at you. The blast of cold misses you.
You can no longer pass through a line of other dancers.
The ice dragon breathes frost at you. The blast of cold hits you!
* * * LOW HITPOINT WARNING * * *
The ice dragon breathes frost at you. The blast of cold hits you!
You die...

#...##. #####..##
#...##.# ##.#....#
##..###.## ####..##
### ####....##
###....D.##
##.@.###### ##..###
###..## ###....###
##........###
##...........### ..
##..............#..#
#................##
#.................#


You could see an ice dragon.

Vanquished Creatures
  An ice dragon (IceCv)
  Harold (D:11)
  Erica (D:9)
  A two-headed ogre (D:11)
  Sonja (D:10)
  2 skeletal warriors (Volcano)
  An anaconda skeleton (Volcano)
  A black mamba (Lair:2)
  Maurice (D:8)
  The ghost of xelgaze the Destroyer, a novice TeCj of Dithmenos (D:7)
  5 gargoyles (Volcano)
  2 ice statues (IceCv)
  2 spiny frogs
  2 centaur skeletons
  A rime drake (IceCv)
  2 komodo dragons
  A polar bear (Lair:3)
  3 harpy skeletons (Volcano)
  The ghost of tarabluh the Firebug, a novice FeFE of Vehumet (D:7)
  6 hippogriffs
  3 flying skulls (Volcano)
  3 basilisks
  A hungry ghost (D:11)
  29 yaks
  Eustachio (D:4)
  Grum (D:8)
  2 nagas (Lair:3)
  5 water moccasins
  4 porcupines
  Duvessa (D:5)
  3 orc warriors
  A sky beast (D:6)
  19 ice beasts
  8 ogres
  7 wolves
  5 phantoms
  5 crocodiles
  3 centaurs
  11 bullfrogs
  6 big kobolds
  Dowan (D:5)
  A water moccasin skeleton (D:10)
  11 scorpions
  3 killer bees (D:7)
  2 spriggan skeletons (Volcano)
  10 wights
  3 troll skeletons (Volcano)
  A howler monkey (D:8)
  An electric eel (Lair:2)
  6 crimson imps
  3 bullfrog zombies
  3 orc priests
  2 bullfrog skeletons
  8 hounds
  2 jellies
  9 orc wizards
  5 iguanas
  2 worker ants
  A killer bee zombie (D:10)
  A big kobold zombie (Ossuary)
  8 ogre zombies (D:11)
  2 naga skeletons (Volcano)
  A hound zombie (D:7)
  2 hound skeletons (D:10)
  8 mummies (Ossuary)
  A worker ant zombie (D:7)
  10 adders
  12 white imps (Lair:3)
  2 oozes
  A worm zombie (D:7)
  An adder skeleton (D:7)
  2 adder zombies
  3 worms
  A dart slug (D:5)
  5 leopard geckos
  22 orcs
  A ball python (D:3)
  8 giant cockroaches
  7 hobgoblins
  18 jackals
  A quokka (D:8)
  23 bats
  7 frilled lizards
  A giant cockroach zombie (D:6)
  3 gnoll zombies (Ossuary)
  4 goblins
  3 goblin zombies (D:11)
  5 hobgoblin zombies
  A jackal skeleton (D:6)
  49 kobolds
  A kobold zombie (Ossuary)
  2 orc skeletons (D:11)
  17 orc zombies
  A quokka zombie (D:6)
  11 rats
  2 rat zombies (D:7)
  A fungus (D:8)
476 creatures vanquished.

Vanquished Creatures (others)
  A fungus (D:8)
  A plant (Lair:2)
2 creatures vanquished.

Grand Total: 478 creatures vanquished

Notes
Turn   | Place    | Note
-------+----------+-------------------------------------------
     0 | D:1      | zishaf the Vine Stalker Assassin began the quest for the
                  | Orb.
     0 | D:1      | Reached XP level 1. HP: 11/11 MP: 2/2
    62 | D:1      | Reached skill level 1 in Dodging
    65 | D:1      | Reached skill level 5 in Stealth
    65 | D:1      | Reached XP level 2. HP: 15/15 MP: 3/3
    70 | D:1      | Reached skill level 2 in Fighting
   451 | D:1      | Reached XP level 3. HP: 12/18 MP: 2/4
  1142 | D:2      | Gained mutation: Your natural rate of healing is unusually
                  | fast. [Vine Stalker growth]
  1142 | D:2      | Reached XP level 4. HP: 23/23 MP: 5/5
  1871 | D:3      | Found a hide-covered altar of Uskayaw.
  1879 | D:3      | Became a worshipper of Uskayaw the Reveler
  1893 | D:3      | Found a snail-covered altar of Cheibriados.
  1923 | D:3      | Found a faded altar of an unknown god.
  1946 | D:3      | Reached * piety under Uskayaw
  1955 | D:3      | Reached ** piety under Uskayaw
  1964 | D:3      | Reached skill level 3 in Fighting
  1964 | D:3      | Reached XP level 5. HP: 18/28 MP: 2/6
  1964 | D:3      | Reached *** piety under Uskayaw
  2252 | D:3      | Found a radiant altar of Vehumet.
  2277 | D:3      | Found an iron altar of Okawaru.
  2464 | D:4      | Noticed Eustachio
  2706 | D:4      | Found a blossoming altar of Fedhas.
  2706 | D:4      | Noticed an ogre
  2706 | D:4      | Noticed a centaur
  2718 | D:4      | Killed an ogre
  2718 | D:4      | Reached XP level 6. HP: 21/32 MP: 4/7
  3077 | D:4      | Killed Eustachio
  3077 | D:4      | Reached skill level 1 in Armour
  3077 | D:4      | Reached skill level 1 in Evocations
  3093 | D:4      | Reached XP level 7. HP: 26/37 MP: 5/8
  3400 | D:5      | Entered Level 5 of the Dungeon
  3441 | D:5      | Reached skill level 4 in Fighting
  3845 | D:5      | Found a hazy altar of Hepliaklqana.
  3923 | D:6      | Noticed Dowan
  3926 | D:6      | Noticed Duvessa
  3947 | D:5      | Gained mutation: You have razor-sharp teeth. [Vine Stalker
                  | growth]
  3947 | D:5      | Reached XP level 8. HP: 11/42 MP: 6/10
  4116 | D:5      | Killed Duvessa
  4118 | D:5      | Killed Dowan
  4118 | D:5      | Reached skill level 5 in Fighting
  4533 | D:6      | Reached **** piety under Uskayaw
  4893 | D:7      | Reached XP level 9. HP: 42/48 MP: 10/12
  4905 | D:7      | Found a sand-covered staircase.
  4948 | Ossuary  | Entered an ossuary
  5200 | D:7      | Found a staircase to the Ecumenical Temple.
  5238 | D:7      | Reached skill level 6 in Fighting
  5405 | D:7      | Found a deep blue altar of Sif Muna.
  5502 | D:7      | Found a runed gate.
  5503 | D:7      | Found a runed gate.
  5504 | D:7      | Found a runed gate.
  5511 | D:7      | Noticed xelgaze's ghost (novice TeCj)
  5513 | D:7      | Noticed tarabluh's ghost (novice FeFE)
  5882 | D:7      | Found an ancient bone altar of Kikubaaqudgha.
  5962 | D:8      | Reached ***** piety under Uskayaw
  6067 | D:8      | Reached skill level 7 in Fighting
  6067 | D:8      | Reached skill level 5 in Short Blades
  6067 | D:8      | Reached XP level 10. HP: 51/55 MP: 13/13
  6075 | D:8      | Noticed Maurice
  6174 | D:8      | Reached skill level 5 in Throwing
  6263 | D:8      | Noticed Grum
  6835 | D:8      | Killed Grum
  6835 | D:8      | Reached skill level 1 in Crossbows
  6876 | D:8      | Paralysed by something for 5 turns
  7245 | D:8      | Found the +7 Singing Sword {slice, sonic wave}
  8234 | D:8      | Paralysed by something for 2 turns
  8610 | D:8      | Killed Maurice
  8610 | D:8      | Reached skill level 8 in Fighting
  8941 | D:9      | Reached skill level 1 in Long Blades
  8943 | D:9      | Reached skill level 5 in Armour
  8943 | D:9      | Reached XP level 11. HP: 14/60 MP: 3/14
  9065 | D:9      | Found a staircase to the Lair.
  9242 | D:10     | Entered Level 10 of the Dungeon
  9247 | D:10     | Noticed Erica
  9250 | D:10     | Noticed Sonja
  9259 | D:9      | Killed Erica
  9550 | D:10     | Reached skill level 5 in Dodging
  9555 | D:10     | Reached skill level 9 in Fighting
  9708 | D:10     | Paralysed by Sonja for 2 turns
  9735 | D:10     | Killed Sonja
 10176 | D:11     | Noticed Harold
 10196 | D:11     | Killed Harold
 10202 | D:11     | Noticed a two-headed ogre
 10207 | D:11     | Reached ****** piety under Uskayaw
 10211 | D:11     | Killed a two-headed ogre
 10213 | D:11     | Reached skill level 10 in Fighting
 10464 | D:11     | Found a staircase to the Orcish Mines.
 10622 | D:11     | Gained mutation: You heal very quickly. [Vine Stalker
                  | growth]
 10622 | D:11     | Reached XP level 12. HP: 60/67 MP: 13/15
 10967 | Lair:1   | Entered Level 1 of the Lair of Beasts
 10977 | Lair:1   | Reached skill level 1 in Invocations
 11748 | Lair:2   | Found a staircase to the Swamp.
 12229 | Lair:2   | Found a dark tunnel.
 12238 | Volcano  | Entered a volcano
 12363 | Volcano  | Reached skill level 11 in Fighting
 12407 | Volcano  | Reached skill level 5 in Invocations
 13288 | D:7      | Killed tarabluh's ghost
 13291 | D:7      | Killed xelgaze's ghost
 13605 | Lair:3   | Reached XP level 13. HP: 66/74 MP: 15/18
 13643 | Lair:3   | Reached skill level 5 in Crossbows
 13716 | Lair:3   | Found a staircase to the Snake Pit.
 13761 | Lair:3   | Found a frozen archway.
 13770 | IceCv    | Entered an ice cave
 14057 | IceCv    | Noticed an ice dragon
 14057 | IceCv    | Noticed an ice dragon
 14067 | IceCv    | Killed an ice dragon
 14067 | IceCv    | HP: 2/74 [ice dragon/blast of cold (12)]
 14085 | IceCv    | Killed from afar by an ice dragon

Vault maps used:
D:1:      onia_arrival_handbag
D:2:      hex_large
D:3:      nicolae_overflow_quartered_altars,
          chequers_ecumenical_altar_simple_redux
D:4:      first_ration, minmay_misc_feat_nine_boxes,
          fedhas_bush_and_centaur_altar, uniq_eustachio
D:5:      nicolae_overflow_hidden_temple
D:6:      uniq_duvessa
D:7:      kennysheep_mini, led_sif_pool, minmay_temple_entry_ruins,
          enter_ossuary_3, gammafunk_ghost_cemetery
D:8:      old_forge, uniq_grum, uniq_maurice
D:9:      lair_entry_dummy
D:10:     uniq_sonja, uniq_erica, uniq_joseph
D:11:     zombieorc2_lemuel, uniq_harold
Lair:2:   swamp_mist, enter_volcano_2, nicolae_lair_grove_arrangements,
          nicolae_quartered_pool_little, minmay_lair_oklob_chamber
Lair:3:   guppyfry_snake_entry_island, portal_ice_cave_entry_imps,
          serial_bayou_shore_a, lemuel_fruit_fields, infiniplex_staircase_pool
Ossuary:  ossuary_tomb_3
IceCv:    ice_cave_small_dragons
Volcano:  volcano_tomb

Skill      XL: |  1  2  3  4  5  6  7  8  9 10 11 12 13 |
---------------+----------------------------------------+-----
Dodging        | 1 2 3 4 5 6 |  6.6
Stealth        | 5 7 8 9 |  9.1
Fighting       | 2 3 4 5 7 8 10 11 | 11.1
Short Blades   | 2 3 4 5 6 7 |  7.7
Throwing       | 2 3 4 5 |  5.0
Armour         | 1 2 3 5 6 |  6.3
Evocations     | 1 3 |  3.0
Crossbows      | 2 4 5 |  5.5
Long Blades    | 1 2 |  2.7
Invocations    | 5 7 |  7.1

Action                   |  1- 3 |  4- 6 |  7- 9 | 10-12 | 13-15 || total
-------------------------+-------+-------+-------+-------+-------++-------
Melee: Dagger            |   109 |   141 |   455 |   280 |       ||   985
       Bite              |    20 |    43 |   186 |   234 |    51 ||   534
       Double sword      |       |       |       |   387 |   111 ||   498
 Fire: Blowgun           |       |    27 |    10 |    16 |       ||    53
       Arbalest          |       |       |       |    29 |    12 ||    41
Invok: Stomp             |       |       |     2 |     1 |     1 ||     4
       Line Pass         |       |       |       |     1 |       ||     1
Evoke: Wand              |       |       |     1 |     8 |     1 ||    10
  Use: Scroll            |       |     8 |     5 |    12 |     1 ||    26
       Potion            |       |       |       |     1 |       ||     1
 Stab: Sleeping          |     8 |     7 |     5 |     5 |     1 ||    26
       Paralysed         |       |     1 |    16 |    27 |     7 ||    51
       Distracted        |       |       |       |     2 |       ||     2
  Eat: Chunk             |     1 |     6 |    10 |    19 |     3 ||    39
       Ration            |       |       |       |     2 |       ||     2
Armor: Robe              |    17 |       |       |       |       ||    17
       Leather armour    |    28 |    16 |       |       |       ||    44
       Scale mail        |       |    65 |   144 |   234 |    84 ||   527
Dodge: Dodged            |    98 |   150 |   256 |   401 |   147 ||  1052
       Rpst.: Double sword |       |       |       |    85 |    25 ||   110

Table legend:
 A = Non-vault XP
 B = Vault XP
 C = Vault XP percentage of total XP
 D = Non-vault monster count
 E = Vault monster count
 F = Vault count percentage of total count
                 A         B        C        D         E       F
            +---------+---------+-------+---------+---------+-------
      Total |   21940 |   17131 |  43.8 |     330 |     145 |  30.5
            +---------+---------+-------+---------+---------+-------
        D:1 |      46 |       4 |   8.0 |      30 |       4 |  11.8
        D:2 |      59 |       0 |   0.0 |      24 |       0 |   0.0
        D:3 |      95 |       0 |   0.0 |      15 |       0 |   0.0
        D:4 |     209 |     306 |  59.4 |      14 |       2 |  12.5
        D:5 |     725 |     214 |  22.8 |      21 |       2 |   8.7
        D:6 |     635 |       0 |   0.0 |      22 |       0 |   0.0
        D:7 |     822 |     718 |  46.6 |      24 |       6 |  20.0
        D:8 |    2479 |    1483 |  37.4 |      27 |      23 |  46.0
        D:9 |    2214 |     939 |  29.8 |      31 |       1 |   3.1
       D:10 |    3418 |     807 |  19.1 |      46 |       1 |   2.1
       D:11 |    2194 |    1650 |  42.9 |      29 |      35 |  54.7
     Lair:1 |    2875 |       0 |   0.0 |      14 |       0 |   0.0
     Lair:2 |    3598 |     249 |   6.5 |      21 |       2 |   8.7
     Lair:3 |    2571 |     442 |  14.7 |      12 |      14 |  53.8
    Ossuary |       0 |     179 | 100.0 |       0 |      16 | 100.0
      IceCv |       0 |    4116 | 100.0 |       0 |      18 | 100.0
    Volcano |       0 |    6024 | 100.0 |       0 |      21 | 100.0
            +---------+---------+-------+---------+---------+-------
